 Dungeon Crawl Stone Soup version 0.30-a0-137-gd8773701ce (webtiles) character file.

Game seed: 1673117475756751959

1964 jimonade the Covert (level 9, -3/65 HPs)
             Began as an Octopode Brigand on Sept 21, 2022.
             Slain by a sun demon (19 damage)
             ... summoned by a kobold demonologist
             ... in a bailey.
             The game lasted 00:16:05 (7358 turns).

jimonade the Covert (Octopode Brigand)              Turns: 7358, Time: 00:16:06

Health: -3/65      AC:  1    Str: 11    XL:     9   Next: 19%
Magic:  9/9        EV: 14    Int: 13    God:
Gold:   233        SH:  0    Dex: 17    Spells: 8/8 levels left

rFire   . . .      SeeInvis +    b - +0 sling
rCold   . . .      Faith    .    (no shield)
rNeg    + . .      Spirit   .    (helmet restricted)
rPois   .          Reflect  .    (no amulet)
rElec   .          Harm     .    h - ring of see invisible
rCorr   .          Rampage  .    j - ring of positive energy
Will    .....                    (no ring)
Stlth   +++++++...               (no ring)
HPRegen 0.20/turn                (no ring)
MPRegen 0.11/turn                (no ring)
                                 (no ring)
                                 (no ring)

@: no status effects
A: almost no armour, amphibious, 8 rings, camouflage 1, gelatinous body 1,
nimble swimmer 1, tentacles
a: no special abilities


You were in a bailey.
You visited 1 branch of the dungeon, and saw 7 of its levels.
You also visited: Bailey.

You collected 233 gold pieces.

Inventory:

Hand Weapons
 a - a +2 dagger
 b - a +0 sling (weapon)
 u - the +6 war axe of the Madman {vorpal, rN+ Int-2 Stlth+}
   (You found it on level 2 of the Dungeon)

   It inflicts extra damage upon your enemies.
   Int:       It affects your intelligence (-2).
   rN:        It protects you from negative energy.
   Stlth:     It makes you more stealthy.
 w - a +1 rapier
Missiles
 c - 3 curare-tipped darts
 n - 14 poisoned darts
 D - 4 atropa-tipped darts
Magical Staves
 s - a staff of poison
Jewellery
 h - a ring of see invisible (left tentacle)
 j - a ring of positive energy (right tentacle)
Wands
 v - a wand of iceblast (17)
 y - a wand of paralysis (9)
 C - a wand of mindburst (14)
 E - a wand of flame (15)
Scrolls
 d - a scroll of vulnerability
 f - 3 scrolls of enchant weapon
 i - a scroll of enchant armour
 k - a scroll of amnesia
 m - 3 scrolls of teleportation
 r - 6 scrolls of identify
Potions
 e - 2 potions of heal wounds {unknown}
 g - 2 potions of brilliance {unknown}
 l - 3 potions of flight {unknown}
 o - 3 potions of attraction
 p - 2 potions of magic {unknown}
 t - 6 potions of curing {unknown}
 z - 2 potions of lignification {unknown}
 A - 2 potions of degeneration {unknown}


   Skills:
 + Level 7.7 Fighting
 + Level 5.3 Short Blades
 - Level 2.0 Throwing
 + Level 3.1 Dodging
 + Level 11.1 Stealth


You had 8 spell levels left.
You didn't know any spells.
Your spell library contained the following spells:

 Spells                   Type           Power      Damage    Failure   Level
 Magic Dart               Conj           0%         1d3       30%         1
 Searing Ray              Conj           0%         2d4       43%         2
 Fulminant Prism          Conj/Hex       0%         3d6       97%         4


Dungeon Overview and Level Annotations

Branches:
Dungeon (8/15)             Bailey (1/1)
 Temple: D:4-7         Lair: D:8-11

Altars:
Okawaru
Sif Muna
Vehumet

Shops:
D:4 (

Annotations:
D:3 1 exclusion
D:8 exclusion: acid dragon


Innate Abilities, Weirdness & Mutations

You cannot wear most types of armour.
You are amphibious.
You can wear up to eight rings at the same time.
Your skin changes colour to match your surroundings (Stealth+).
Your rubbery body absorbs attacks. (AC +1, EV +1)
You are camouflaged when in or above water. (Stealth+)
You have tentacles for arms and can constrict up to eight enemies at once.


Message History

The kobold demonologist miscasts a cantrip.
You shoot a sling bullet.
The sling bullet barely misses the kobold demonologist.
The kobold demonologist hits you with a +0 battleaxe!
You shoot a sling bullet.
The sling bullet closely misses the kobold demonologist.
The kobold demonologist hits you with a +0 battleaxe!
You shoot a sling bullet.
The sling bullet closely misses the kobold demonologist.
The kobold demonologist closely misses you. x2
You shoot a sling bullet.
The sling bullet completely misses the kobold demonologist.
The kobold demonologist barely misses you.
You shoot a sling bullet.
The sling bullet closely misses the kobold demonologist.
The kobold demonologist mumbles some strange words.
You shoot a sling bullet. The kobold demonologist shouts!
The sling bullet hits the kobold demonologist but does no damage.
The kobold demonologist barely misses you.
The kobold demonologist hits you with a +0 battleaxe!
You are too injured to fight recklessly!
You are too injured to fight recklessly!
You are too injured to fight recklessly!
You are too injured to fight recklessly!
You are too injured to fight recklessly!
You are too injured to fight recklessly!
You are too injured to fight recklessly!
You are too injured to fight recklessly!
You are too injured to fight recklessly!
You are too injured to fight recklessly!
You are too injured to fight recklessly!
You are too injured to fight recklessly!
The kobold demonologist mumbles some strange words. x2
The sun demon attacks as you move away!
The sun demon hits you but does no damage.
The sun demon hits you!
* * * LOW HITPOINT WARNING * * *
You are engulfed in flames!!
You die...

.o5##.....'o.............#
_..##..⌠..'..........∩..∩#
...##.....5K.............#
..##.....#.~≈≈≈≈55....###
#####''#.)≈≈≈≈o5....#
#......#.~≈≈≈≈K######
#......#.~≈≈≈≈≈#
####...######≈≈≈3≈#
.8.8.8.#....#≈≈≈@≈#
.......#....#≈≈≈≈≈#
########..#'#≈≈≈≈≈#
...)...'..#.#≈≈≈≈≈#
)~~~~~~######≈≈≈≈≈#
≈≈≈≈≈≈≈≈≈≈≈≈≈≈≈≈≈≈#
≈≈≈≈≈≈≈≈≈≈≈≈≈≈≈≈≈≈#
≈≈≈≈≈≈≈≈≈≈≈≈≈≈≈≈≈≈#
≈≈≈≈≈≈≈≈≈≈≈≈≈≈≈≈≈≈#


You could see a sun demon (summoned), 2 kobold demonologists, an orc warrior, an
iron imp (summoned), 2 quasits and a shadow imp (summoned).

Vanquished Creatures
  Menkaure (D:4)
  9 orc warriors (Bailey)
  A black bear (D:5)
  A bullfrog (D:3)
  2 scorpions (D:5)
  5 electric eels (Bailey)
  A hound (D:5)
  3 orc priests
  A jelly (D:5)
  2 iguanas
  4 orc wizards
  3 gnolls (Bailey)
  9 adders
  A worm (D:2)
  4 dart slugs
  16 orcs
  8 ball pythons
  5 endoplasms
  A giant cockroach (D:4)
  18 goblins
  9 hobgoblins
  5 jackals
  2 quokkas (D:1)
  8 bats
  4 kobolds
  7 rats
130 creatures vanquished.

Notes
Turn   | Place    | Note
-------+----------+-------------------------------------------
     0 | D:1      | jimonade the Octopode Brigand began the quest for the Orb.
     0 | D:1      | Reached XP level 1. HP: 14/14 MP: 1/1
   276 | D:1      | Reached skill level 6 in Stealth
   276 | D:1      | Reached XP level 2. HP: 17/19 MP: 2/2
   749 | D:1      | Reached XP level 3. HP: 22/24 MP: 3/3
  1408 | D:2      | Reached XP level 4. HP: 29/29 MP: 4/4
  1425 | D:2      | Found a faded altar of an unknown god.
  1429 | D:2      | Reached skill level 7 in Stealth
  1515 | D:2      | Identified the +6 war axe of the Madman {vorpal, rN+ Int-2
                  | Stlth+}
  1766 | D:2      | Found a radiant altar of Vehumet.
  2177 | D:3      | Noticed a scorpion
  2181 | D:3      | Reached XP level 5. HP: 35/35 MP: 5/5
  2528 | D:3      | Reached skill level 8 in Stealth
  2645 | D:3      | Reached XP level 6. HP: 25/41 MP: 6/6
  3087 | D:4      | Found a shimmering blue altar of Sif Muna.
  3137 | D:4      | Found an iron altar of Okawaru.
  3539 | D:4      | Noticed Menkaure
  3553 | D:4      | Killed Menkaure
  3554 | D:4      | Reached skill level 9 in Stealth
  3665 | D:4      | Found Urhiteme's Antique Weapon Shoppe.
  3936 | D:4      | Reached XP level 7. HP: 45/45 MP: 7/7
  3996 | D:5      | Entered Level 5 of the Dungeon
  4399 | D:5      | Reached skill level 10 in Stealth
  5397 | D:5      | You fall into a shaft and drop 3 floors!
  5485 | D:7      | Noticed a steam dragon
  5547 | D:7      | Reached XP level 8. HP: 51/52 MP: 8/8
  5577 | D:7      | Found a flagged portal.
  5595 | Bailey   | Entered a bailey
  5728 | Bailey   | Reached skill level 5 in Short Blades
  5778 | Bailey   | Reached skill level 11 in Stealth
  6206 | Bailey   | Reached skill level 5 in Fighting
  6218 | Bailey   | Found the +3 hat of Pondering {ponderous, Will+ MP+10
                  | Int+5}
  6386 | Bailey   | Reached XP level 9. HP: 63/63 MP: 9/9
  7030 | Bailey   | Found an iron altar of Okawaru.
  7032 | Bailey   | Noticed a kobold demonologist
  7032 | Bailey   | Noticed a kobold demonologist
  7039 | Bailey   | Noticed an ice devil
  7049 | Bailey   | Noticed a smoke demon
  7356 | Bailey   | Noticed a sun demon
  7358 | Bailey   | Slain by a sun demon

Illustrated notes

Levels and vault maps discovered:
D:1:      eino_arrival_cavern_b, layout_basic, minivault_24, minmay_pentomino_w4
D:2:      layout_loops_ring, basic_altar, chequers_ecumenical_altar_island,
          minmay_diced_spiral
D:3:      layout_loops_cross, minmay_randomly_rotated_circles
D:4:      layout_gridville, okawaru_metal_pillars_1_2, kennysheep_mini,
          serial_shops, nicolae_shop_hallway_plus, uniq_menkaure
D:5:      layout_basic
D:7:      layout_gridville, trog_wizard, enter_bailey_3
D:8:      layout_basic, mainiacjoe_overflow_tiny_flanked
Bailey:   bailey_axe_of_yendor_kennysheep, bailey

Skill      XL: |  1  2  3  4  5  6  7  8  9 |
---------------+----------------------------+-----
Stealth        | 6 7 8 9 10 11 | 11.1
Short Blades   | 3 4 5 |  5.3
Dodging        | 2 3 |  3.1
Fighting       | 3 6 7 |  7.7
Throwing       | |  2.0

Action                   |  1- 3 |  4- 6 |  7- 9 || total
-------------------------+-------+-------+-------++-------
Melee: Dagger            |    65 |    64 |    92 ||   221
       Constrict         |    15 |    10 |    21 ||    46
       Tentacles         |     6 |    12 |    27 ||    45
       Punch             |       |     1 |       ||     1
 Fire: Sling             |       |       |   508 ||   508
Throw: Dart              |       |       |     1 ||     1
  Use: Scroll            |       |       |    10 ||    10
 Stab: Sleeping          |    10 |    24 |     5 ||    39
       Distracted        |       |     2 |     1 ||     3
Armor: Skin              |    12 |       |     5 ||    17
Dodge: Dodged            |    29 |    25 |    60 ||   114

Table legend: (Time is in decaauts)
 A = Elapsed time spent in this place.
 B = Non-inter-level travel time spent in this place.
 C = Inter-level travel time spent in this place.
 D = Time resting spent in this place.
 E = Time spent auto-exploring this place.
 F = Levels seen in this place.
 G = Mean time per level.
                   A        B        C        D        E       F      G
               +--------+--------+--------+--------+--------+-----+--------+
         Total |   7517 |   7267 |    250 |   1114 |   3510 |   8 |  939.6 |
       Dungeon |   5559 |   5309 |    250 |    714 |   3267 |   7 |  794.1 |
        Bailey |   1957 |   1957 |      0 |    400 |    243 |   1 | 1957.0 |
               +--------+--------+--------+--------+--------+-----+--------+

Top non-repeatable levels by time:
  Bailey: 1957 daAuts
     D:5: 1390 daAuts
     D:1: 1136 daAuts
     D:3: 1113 daAuts
     D:4: 966 daAuts
     D:2: 762 daAuts
     D:7: 112 daAuts
     D:8: 78 daAuts
